 Dungeon Crawl Stone Soup version 0.23.2-1-ga50397a6bc (webtiles) character file.

Game seed: 11117788370055457928

3052 Gumption the Carver (level 9, -1/72 HPs)
             Began as a Barachi Fighter on May 27, 2019.
             Was an Initiate of Cheibriados.
             Slain by Gastronok (2 damage)
             ... on level 8 of the Dungeon.
             The game lasted 01:09:21 (10703 turns).

Gumption the Carver (Barachi Fighter)              Turns: 10703, Time: 01:09:22

Health: -1/72      AC: 12    Str: 22    XL:     9   Next: 87%
Magic:  9/9        EV:  8    Int: 10    God:    Cheibriados [......]
Gold:   492        SH: 11    Dex: 12    Spells: 8/8 levels left

rFire    + . .     SeeInvis .   a - +1 falchion (drain)
rCold    + . .     Gourm    +   c - +0 shield
rNeg     . . .     Faith    .   q - +2 scale mail {rF+}
rPois    .         Spirit   .   (no helmet)
rElec    .         Reflect  .   (no cloak)
rCorr    .         Harm     .   g - +1 pair of gloves
MR       .....                  (no boots)
Stlth    ..........             n - amulet of the gourmand
HPRegen  0.22/turn              J - ring of protection from cold
MPRegen  0.11/turn              (no ring)

@: slowed, very slow
A: +LOS, swims, slowness 1, strong legs 1
a: Hop, Bend Time, Renounce Religion


You were on level 8 of the Dungeon.
You worshipped Cheibriados.
Cheibriados was noncommittal.
You were very full.

You visited 2 branches of the dungeon, and saw 9 of its levels.

You collected 612 gold pieces.
You spent 120 gold pieces at shops.

Inventory:

Hand Weapons
 a - a +1 falchion of draining (weapon)
 b - a +0 hunting sling
 A - a +0 long sword
Missiles
 o - 227 stones
 y - 6 throwing nets (quivered)
 E - 18 tomahawks
 H - 37 sling bullets
Armour
 c - a +0 shield (worn)
 g - a +1 pair of gloves (worn)
 q - a +2 scale mail of fire resistance (worn)
 t - a +0 plate armour of positive energy
Jewellery
 n - an amulet of the gourmand (around neck)
 J - a ring of protection from cold (left hand)
Wands
 w - a wand of digging (11)
 C - a wand of disintegration (11)
 F - a wand of acid (5)
 G - a wand of flame (24)
Scrolls
 e - 2 scrolls of immolation
 j - 2 scrolls of fear
 l - 2 scrolls of remove curse
 p - a scroll of fog
 v - 3 scrolls of blinking
 I - a scroll of teleportation
Potions
 d - a potion of might
 h - 3 potions of agility
 i - 6 potions of curing
 k - a potion of resistance
 m - 6 potions of brilliance
 r - 2 potions of magic
 s - 3 potions of berserk rage
 u - 2 potions of mutation
 x - a potion of lignification
 z - a potion of invisibility
 B - a potion of ambrosia
 D - 2 potions of haste
 K - a potion of heal wounds
Comestibles
 f - 23 rations
 L - 6 chunks of flesh


   Skills:
 + Level 7.4 Fighting
 * Level 9.4 Long Blades
 * Level 2.2 Slings
 + Level 7.3 Armour
 * Level 9.0 Shields


You had 8 spell levels left.
You didn't know any spells.
Your spell library contained the following spells:

 Spells                   Type           Power        Failure   Level  Hunger
 Animate Skeleton         Necr           N/A          89%         1    ##.....
 Apportation              Tloc           #.....       89%         1    ##.....
 Confusing Touch          Hex            #.....       89%         1    ##.....
 Sandblast                Erth           #.....       89%         1    ##.....
 Summon Small Mammal      Summ           #...         89%         1    ##.....
 Passwall                 Tmut/Erth      #.......     96%         2    ###....
 Stone Arrow              Conj/Erth      #.....       99%         3    ####...
 Petrify                  Tmut/Erth      #.......     100%        4    #####..
 Lee's Rapid Deconstruct  Erth           #.........   100%        5    ######.


Dungeon Overview and Level Annotations

Branches:
Dungeon (8/15)             Temple (1/1) D:4
   Lair: D:8-11

Altars:
Ashenzari
Cheibriados
Dithmenos
Elyvilon
Fedhas
Gozag
Hepliaklqana
Kikubaaqudgha
Makhleb
Nemelex Xobeh
Ru
Sif Muna
Uskayaw
Vehumet
Wu Jian
Xom
Yredelemnul
The Shining One

Shops:
D:7 *

Annotations:
D:5 Prince Ribbit
D:8 Gastronok


Innate Abilities, Weirdness & Mutations

Shadows flee at your approach. (+LOS)
You can swim through water.
You cover ground slowly.
You can hop short distances.


Message History

* * * LOW HITPOINT WARNING * * *
It was a potion of heal wounds.
You feel much better.
You hit Gastronok. You drain Gastronok.
Gastronok is almost dead.
Gastronok's eyestalks stretch out, then return to normal size.
You hit Gastronok. You drain Gastronok.
Gastronok is almost dead.
Gastronok bites you!
* * * LOW HITPOINT WARNING * * *
You slash Gastronok!
Gastronok is almost dead.
You hit Gastronok. You drain Gastronok.
Gastronok is almost dead.
Gastronok waves his eye-stalks in wide circles.
The air twists around and strikes you!
* * * LOW HITPOINT WARNING * * *
You hit Gastronok.
Gastronok is almost dead.
Gastronok bites you.
You die...

#......# #......# #......#
#......# #......# #
#......# ####### #......#
# #<....########......#
.##.....##.@w.(((.((..###
.......##......#####.wr#
#.....##.....># ###.####
#.....##......# #..##.
#.....##......########w##.
#.....##......##..........
##.##.####.##.##.#####..##
#.##..###.......# ##.##
#.###..##..#.#### #.##


You could see Gastronok.

Vanquished Creatures
  A hippogriff (D:8)
  4 sky beasts
  An orc warrior (D:6)
  A black bear (D:8)
  A phantom (D:4)
  2 ogres (D:6)
  A crocodile (D:7)
  2 centaurs
  A wolf (D:5)
  A big kobold (D:8)
  3 gnoll sergeants (D:5)
  A scorpion (D:6)
  A water moccasin skeleton (D:4)
  A wight (D:8)
  An electric eel (D:6)
  2 crimson imps (D:7)
  2 bullfrog zombies
  A quasit (D:6)
  7 hounds
  2 centaur zombies
  2 gnoll shamans (D:5)
  2 orc priests
  Ijyb (D:5)
  2 orc wizards
  2 iguanas
  7 worker ants
  A statue (D:4)
  A mummy (D:7)
  A worker ant zombie (D:6)
  9 adders
  22 gnolls
  3 shadow imps
  An adder zombie (D:6)
  2 worms
  2 dart slugs
  3 leopard geckos
  21 orcs
  4 giant cockroaches
  4 goblins
  6 hobgoblins
  12 jackals
  6 kobolds
  3 quokkas
  6 bats
  3 frilled lizards
  A leopard gecko zombie (D:5)
  A quokka skeleton (D:5)
  8 rats
172 creatures vanquished.

Notes
Turn   | Place    | Note
-------+----------+-------------------------------------------
     0 | D:1      | Gumption the Barachi Fighter began the quest for the Orb.
     0 | D:1      | Reached XP level 1. HP: 18/18 MP: 1/1
   183 | D:1      | Reached XP level 2. HP: 14/25 MP: 2/2
   636 | D:1      | Reached XP level 3. HP: 26/30 MP: 3/3
  1119 | D:2      | Found an ornate altar of the Wu Jian Council.
  1318 | D:2      | Found a sacrificial altar of Ru.
  1756 | D:3      | Reached XP level 4. HP: 34/37 MP: 4/4
  2531 | D:3      | Found a basalt altar of Yredelemnul.
  2682 | D:4      | Noticed a phantom
  2732 | D:4      | Killed a phantom
  2732 | D:4      | Reached XP level 5. HP: 41/43 MP: 5/5
  2756 | D:4      | Found a burning altar of Makhleb.
  2878 | D:4      | Reached skill level 5 in Shields
  2878 | D:4      | Reached XP level 6. HP: 37/49 MP: 6/6
  3144 | D:4      | Found a radiant altar of Vehumet.
  3331 | D:4      | Found a staircase to the Ecumenical Temple.
  3361 | Temple   | Entered the Ecumenical Temple
  3925 | D:5      | Entered Level 5 of the Dungeon
  3988 | D:5      | Reached skill level 5 in Long Blades
  4109 | D:5      | Reached skill level 5 in Fighting
  4112 | D:5      | Reached XP level 7. HP: 53/56 MP: 7/7
  4154 | D:5      | Reached skill level 5 in Armour
  4837 | D:5      | Found an opulent altar of Gozag.
  4858 | D:5      | Found a blossoming altar of Fedhas.
  5099 | D:5      | Reached XP level 8. HP: 58/63 MP: 8/8
  5572 | D:5      | Noticed Prince Ribbit
  5975 | D:5      | Noticed Ijyb
  5992 | D:5      | HP: 1/64 [gnoll shaman/+0 whip (4)]
  5993 | D:5      | Killed Ijyb
  7040 | D:6      | Found an opulent altar of Gozag.
  7125 | D:6      | Reached XP level 9. HP: 71/71 MP: 9/9
  7654 | D:6      | Found a shimmering altar of Xom.
  7656 | D:6      | Found a hazy altar of Hepliaklqana.
  7657 | D:6      | Noticed a spectral ugly thing
  9437 | D:7      | Found Zyneciosm's General Store.
  9443 | D:7      | Bought a scroll of fog for 24 gold pieces
  9443 | D:7      | Bought a scroll of identify for 24 gold pieces
  9443 | D:7      | Bought a potion of agility for 48 gold pieces
  9443 | D:7      | Bought a scroll of identify for 24 gold pieces
  9655 | D:7      | Found a snail-covered altar of Cheibriados.
  9740 | D:7      | Became a worshipper of Cheibriados the Contemplative
 10195 | D:8      | Reached skill level 1 in Slings
 10626 | D:8      | Noticed Gastronok
 10702 | D:8      | HP: 1/72 [Gastronok/the air (11)]
 10703 | D:8      | Slain by Gastronok

Skill      XL: |  1  2  3  4  5  6  7  8  9 |
---------------+----------------------------+-----
Long Blades    | 3 4 5 6 8 9 |  9.4
Armour         | 4 5 6 7 |  7.3
Shields        | 4 5 6 7 9 |  9.0
Fighting       | 4 5 6 7 |  7.4
Slings         | 2 |  2.2

Action                   |  1- 3 |  4- 6 |  7- 9 || total
-------------------------+-------+-------+-------++-------
Melee: Long sword        |   104 |    47 |       ||   151
       Falchion          |       |    61 |   540 ||   601
 Fire: Hunting sling     |    30 |   101 |   245 ||   376
Throw: Stone             |     9 |     2 |       ||    11
 Abil: Hop               |       |       |     4 ||     4
  Use: Scroll            |     3 |     8 |     8 ||    19
       Potion            |       |       |     2 ||     2
  Eat: Chunk             |     6 |    16 |    23 ||    45
Armor: Scale mail        |    70 |    47 |   205 ||   322
Dodge: Dodged            |    47 |    33 |   151 ||   231
Block: Shield            |    85 |    57 |   321 ||   463
       Rpst.: Long sword |    17 |     4 |       ||    21
       Falchion          |       |     6 |    42 ||    48
